[Event "Titled Tuesday Blitz November 01 Early 2022"]
[White "Grandelius, Nils"]
[Black "Vachylia, Andrii"]
[WhiteFideId "1710400"]
[BlackFideId "14137224"]
[WhiteElo "2617"]
[BlackElo "2318"]
[Result "0-1"]
[Round "04"]
[TimeControl "180+1"]
[Date "2022.11.01"]
[WhiteClock "0:00:08"]
[BlackClock "0:00:12"]

1. Nf3 Nf6 2. g3 e6 3. Bg2 d5 4. O-O Be7 5. b3 O-O 6. Bb2 c5 7. c4 Nc6 8. cxd5 exd5 9. d4 Re8 10. Nc3 Be6 11. Rc1 b6 12. dxc5 bxc5 13. Na4 Nd7 14. Ba3 Qa5 15. Qe1 Qb5 16. Qd2 Rac8 17. Rfd1 h6 18. e3 Nce5 19. Nxe5 Nxe5 20. Bb2 Ng4 21. Nc3 Qa5 22. Nxd5 Qxa2 23. Qc3 Bf6 24. Nxf6+ Nxf6 25. h3 Qxb3 26. Qxb3 Bxb3 27. Rd6 Re6 28. Rd3 Rb6 29. Rdc3 Be6 30. Ba1 c4 31. Ra3 a6 32. Bd4 Rd6 33. Bb7 Rcd8 34. g4 h5 35. f3 hxg4 36. hxg4 Nh7 37. Rxa6 Rxa6 38. Bxa6 Ng5 39. Kf2 Bd5 40. f4 Ne4+ 41. Ke2 Ng3+ 42. Kf2 Ne4+ 43. Ke1 Ra8 44. Bxc4 Rc8 45. Bxd5 Rxc1+ 46. Ke2 Nf6 47. Bf3 Rc2+ 48. Kf1 Kf8 49. g5 Ne8 50. Be2 Ke7 51. Kf2 g6 52. Kf3 Nd6 53. Bd3 Ra2 54. Bc5 Kd7 55. Bf1 Rc2 56. Bh3+ Kc6 57. Bd4 Nb5 58. Be5 Nd6 59. Bg2 Kd7 60. Bh3+ Ke7 61. Bf1 Nf5 62. Bd3 Ra2 63. Bc4 Ra3 64. Kf2 Nxe3 65. Be2 Nf5 66. Bf3 Nd6 67. Bd5 Nf5 68. Bf3 Ke6 69. Bg4 Kd5 70. Bf3+ Kc4 71. Be2+ Kc5 72. Bf3 Ra2+ 73. Be2 Kd5 74. Kf3 Ra3+ 75. Kf2 Ke4 76. Bb5 Ra2+ 77. Kf1 Kf3 78. Bc6+ Ke3 79. Bd5 Ra7 80. Kg2 Kd3 81. Kh3 Ne3 82. Bf3 Kc4 83. Kg3 Nf5+ 84. Kf2 Re7 85. Be2+ Kc5 86. Bf3 Rxe5 87. fxe5 Kd4 88. e6 fxe6 89. Bg4 Ke4 90. Bd1 Kf4 91. Bb3 e5 92. Bf7 Kxg5 93. Kf3 Kf6 94. Bd5 Nd6 95. Bb3 Kf5 96. Bc2+ e4+ 97. Ke3 Ke5 98. Bd1 Nf5+ 99. Kf2 Kf4 100. Bc2 g5 101. Bb1 g4 102. Bxe4 Kxe4 103. Kg2 Kf4 0-1


[Site "https://www.chess.com"]

[Event "Titled Tuesday Blitz November 01 Early 2022"]
[White "Gu, Xiaobing"]
[Black "Sharapov, Evgeny"]
[WhiteFideId "8602611"]
[BlackFideId "14103133"]
[WhiteElo "2174"]
[BlackElo "2367"]
[Result "0-1"]
[Round "04"]
[TimeControl "180+1"]
[Date "2022.11.02"]
[WhiteClock "0:00:12"]
[BlackClock "0:01:49"]

1. e4 c5 2. Nf3 d6 3. Bb5+ Nd7 4. c4 Nf6 5. Nc3 e5 6. d3 Be7 7. a3 O-O 8. b4 a6 9. Ba4 b5 10. Bb3 Bb7 11. Bg5 bxc4 12. Bxc4 cxb4 13. axb4 Nb6 14. Bxf6 Bxf6 15. Bb3 d5 16. O-O Rc8 17. Nxd5 Nxd5 18. Bxd5 Bxd5 19. exd5 Qxd5 20. Rxa6 Rfd8 21. Ne1 e4 22. Qg4 exd3 23. Nxd3 h5 24. Nf4 hxg4 25. Nxd5 Rxd5 26. Rb6 Rd2 27. Rb1 Bd4 0-1


[Site "https://www.chess.com"]

[Event "Titled Tuesday Blitz November 01 Early 2022"]
[White "Gubajdullin, Alexei"]
[Black "Stribuk, Artiom"]
[WhiteFideId "4141202"]
[BlackFideId "13515659"]
[WhiteElo "2200"]
[BlackElo "2279"]
[Result "1/2-1/2"]
[Round "04"]
[TimeControl "180+1"]
[Date "2022.11.02"]
[WhiteClock "0:00:20"]
[BlackClock "0:00:05"]

1. d4 Nf6 2. Nf3 g6 3. Bf4 Bg7 4. e3 d6 5. Be2 O-O 6. O-O Nh5 7. Bg5 h6 8. Bh4 g5 9. Nfd2 gxh4 10. Bxh5 h3 11. g3 c5 12. c3 Nc6 13. Bg4 cxd4 14. exd4 e5 15. d5 Ne7 16. c4 Bxg4 17. Qxg4 Qc8 18. Qh5 Qf5 19. Qxf5 Nxf5 20. Ne4 Rfd8 21. Nbd2 Nd4 22. f3 f5 23. Nf2 Rac8 24. Nxh3 b5 25. b3 e4 26. Rae1 bxc4 27. bxc4 Nc2 28. Rc1 Nd4 29. fxe4 Ne2+ 30. Kg2 Nxc1 31. Rxc1 fxe4 32. Nxe4 Rb8 33. Rc2 Be5 34. Nf4 Bxf4 35. gxf4 Rb4 36. Kf3 Kf7 37. f5 Rb1 38. Ke3 Re1+ 39. Kd3 Rf1 40. f6 Rd1+ 41. Ke3 Re1+ 42. Kf3 Rf1+ 43. Ke2 Rf5 44. Rb2 Rd7 45. Ke3 Rh5 46. Rg2 Kf8 47. Kd4 Rh4 48. Rb2 Kf7 49. Rg2 Kf8 50. Kd3 Rh3+ 51. Kd4 Rh4 1/2-1/2


[Site "https://www.chess.com"]

[Event "Titled Tuesday Blitz November 01 Early 2022"]
[White "Guerrero Olmos, Sergio"]
[Black "Zacurdajev, Dmitry"]
[WhiteFideId "2257238"]
[BlackFideId "4196309"]
[WhiteElo "2272"]
[BlackElo "2179"]
[Result "0-1"]
[Round "04"]
[TimeControl "180+1"]
[Date "2022.11.02"]
[WhiteClock "0:00:58"]
[BlackClock "0:00:08"]

1. d4 d5 2. Nf3 e6 3. Bf4 Nf6 4. e3 Bd6 5. Bg3 O-O 6. Nbd2 c5 7. c3 b6 8. Ne5 Qc7 9. Bd3 Ba6 10. Bc2 Nc6 11. f4 Ne7 12. Bh4 Ne8 13. Qh5 g6 14. Qh6 Nf5 15. Bxf5 exf5 16. Ndf3 f6 17. O-O-O fxe5 18. dxe5 Be7 19. Rxd5 Bxh4 20. Qxh4 Bb7 21. c4 Bxd5 22. cxd5 Qb7 23. Rd1 a5 24. Ng5 a4 25. d6 h5 26. Ne6 a3 27. bxa3 Qxg2 28. Qg3 Qxg3 29. hxg3 Ng7 30. Nc7 Rxa3 31. d7 Rd8 32. Nd5 Kf7 33. Nxb6 Rxe3 34. Nc4 Rc3+ 35. Kb2 Rxc4 0-1


[Site "https://www.chess.com"]

[Event "Titled Tuesday Blitz November 01 Early 2022"]
[White "Guliev, Logman"]
[Black "Parkhov, Yair"]
[WhiteFideId "13400061"]
[BlackFideId "2813408"]
[WhiteElo "2161"]
[BlackElo "2384"]
[Result "0-1"]
[Round "04"]
[TimeControl "180+1"]
[Date "2022.11.02"]
[WhiteClock "0:00:02"]
[BlackClock "0:00:47"]

1. e4 c5 2. Nf3 g6 3. c3 d5 4. exd5 Nf6 5. Bb5+ Nbd7 6. c4 Bg7 7. O-O O-O 8. d4 cxd4 9. Bxd7 Bxd7 10. Nxd4 Rc8 11. b3 Qc7 12. Bb2 Ng4 13. g3 Qe5 14. Nd2 Qh5 15. N2f3 Qh3 16. Rb1 e5 17. dxe6 fxe6 18. Re1 e5 19. Re4 exd4 20. Rf4 Rxf4 0-1


[Site "https://www.chess.com"]

[Event "Titled Tuesday Blitz November 01 Early 2022"]
[White "Gurevich, Dmitry"]
[Black "Rakhmanov, Aleksandr"]
[WhiteFideId "2000407"]
[BlackFideId "4173708"]
[WhiteElo "2506"]
[BlackElo "2530"]
[Result "0-1"]
[Round "04"]
[TimeControl "180+1"]
[Date "2022.11.02"]
[WhiteClock "0:01:16"]
[BlackClock "0:01:29"]

1. d4 Nf6 2. c4 d6 3. Nc3 e5 4. Nf3 e4 5. Ng5 Qe7 6. g3 h6 7. Nh3 g5 8. Bg2 Bf5 9. Qb3 c6 10. O-O Bg7 11. f3 exf3 12. exf3 O-O 13. Bd2 Na6 14. Rae1 Qd7 15. Nf2 Rfe8 16. f4 g4 17. Qd1 h5 18. a3 Nc7 19. b4 d5 20. c5 Ne4 21. Nfxe4 dxe4 22. Nxe4 Bxe4 23. Bxe4 Qxd4+ 0-1


[Site "https://www.chess.com"]

[Event "Titled Tuesday Blitz November 01 Early 2022"]
[White "Guzman Moneo, Alberto"]
[Black "Ibadov, Dashgyn"]
[WhiteFideId "2209616"]
[BlackFideId "24107514"]
[WhiteElo "2157"]
[BlackElo "2208"]
[Result "0-1"]
[Round "04"]
[TimeControl "180+1"]
[Date "2022.11.02"]
[WhiteClock "0:00:01"]
[BlackClock "0:00:17"]

1. e4 e6 2. d4 d5 3. Nc3 Nf6 4. e5 Nfd7 5. Nce2 c5 6. c3 Nc6 7. Nf3 Be7 8. h4 Qa5 9. Bd2 Qb6 10. Rb1 cxd4 11. cxd4 f6 12. Nf4 fxe5 13. Nxe6 Bf6 14. dxe5 Ndxe5 15. Nxe5 Nxe5 16. Nf4 O-O 17. Nxd5 Re8 18. Be3 Qa5+ 19. b4 Qxa2 20. Nxf6+ gxf6 21. Be2 Bf5 22. Ra1 Qb2 23. O-O Rad8 24. Qe1 Nd3 25. Bxd3 Bxd3 26. Qc1 Qxc1 27. Rfxc1 a6 28. Rc7 Be4 29. Rac1 Bc6 30. Bh6 Rd4 31. Rg7+ Kh8 32. Rg3 Rg8 33. Rxg8+ Kxg8 34. h5 Rxb4 35. Re1 Rh4 36. Re7 Rxh5 37. Bf4 Rd5 38. f3 Rd7 39. Re6 Kf7 0-1


[Site "https://www.chess.com"]

[Event "Titled Tuesday Blitz November 01 Early 2022"]
[White "Harsh Suresh"]
[Black "Lopez, Henry"]
[WhiteFideId "45018464"]
[BlackFideId "5203830"]
[WhiteElo "2180"]
[BlackElo "2177"]
[Result "1-0"]
[Round "04"]
[TimeControl "180+1"]
[Date "2022.11.02"]
[WhiteClock "0:00:09"]
[BlackClock "0:00:27"]

1. d4 d5 2. c4 c6 3. Nc3 Nf6 4. Nf3 dxc4 5. a4 Bf5 6. e3 e6 7. Bxc4 Bb4 8. O-O Nbd7 9. Bd2 a5 10. Qe2 O-O 11. Na2 Bd6 12. Nc3 e5 13. Rfd1 Qe7 14. dxe5 Nxe5 15. Nxe5 Qxe5 16. g3 Rfe8 17. Qe1 Bc5 18. Bf1 h5 19. Ne2 Bb6 20. Bc3 Qe7 21. Nd4 Bg6 22. Bh3 Ne4 23. Nf5 Bxf5 24. Bxf5 h4 25. Rd7 Qg5 26. Bxe4 Rxe4 27. Rxb7 Bc5 28. Rd1 hxg3 29. hxg3 Rae8 30. Rdd7 Rxe3 31. fxe3 Rxe3 32. Qxe3 Qxe3+ 33. Kg2 Qe2+ 34. Kh3 Qf1+ 35. Kg4 f5+ 36. Kg5 Be3+ 37. Kg6 Kf8 38. Rd8# 1-0


[Site "https://www.chess.com"]

[Event "Titled Tuesday Blitz November 01 Early 2022"]
[White "Ibarra Jerez, Jose Carlos"]
[Black "Weetik, Vjacheslav"]
[WhiteFideId "2226332"]
[BlackFideId "4153472"]
[WhiteElo "2627"]
[BlackElo "2469"]
[Result "1-0"]
[Round "04"]
[TimeControl "180+1"]
[Date "2022.11.01"]
[WhiteClock "0:02:16"]
[BlackClock "0:01:04"]

1. Nf3 Nf6 2. g3 d5 3. Bg2 Bf5 4. O-O e6 5. d3 c6 6. c4 dxc4 7. dxc4 Nbd7 8. Nc3 Be7 9. Nh4 Bg4 10. h3 Bh5 11. g4 Bg6 12. Nxg6 hxg6 13. Qc2 Qc7 14. Rd1 O-O-O 15. Rb1 Nxg4 16. hxg4 Qh2+ 17. Kf1 Ne5 18. Rxd8+ Bxd8 19. Qe4 Bc7 20. Bf4 Qh4 21. Bxe5 1-0


[Site "https://www.chess.com"]

[Event "Titled Tuesday Blitz November 01 Early 2022"]
[White "Iliaguev, Nisim"]
[Black "Celestino, Rafael Teixeira"]
[WhiteFideId "2817276"]
[BlackFideId "2108925"]
[WhiteElo "2264"]
[BlackElo "2442"]
[Result "1/2-1/2"]
[Round "04"]
[TimeControl "180+1"]
[Date "2022.11.02"]
[WhiteClock "0:00:09"]
[BlackClock "0:00:02"]

1. d4 Nf6 2. Nf3 e6 3. g3 c5 4. Bg2 d5 5. O-O Nc6 6. c4 Bd7 7. Nc3 dxc4 8. e4 cxd4 9. Nxd4 e5 10. Ndb5 Be6 11. Qxd8+ Rxd8 12. Nc7+ Kd7 13. N7d5 Bxd5 14. exd5 Nd4 15. Bg5 Bb4 16. Ne4 Be7 17. d6 Nxe4 18. dxe7 Nxg5 19. exd8=Q+ Rxd8 20. Bxb7 Rb8 21. Bg2 Rxb2 22. f4 exf4 23. Rad1 Ne6 24. Rxf4 c3 25. Rfxd4+ Nxd4 26. Rxd4+ Ke6 27. Rc4 c2 28. Bf1 Kd5 29. Rc7 Kd4 30. a4 a5 31. Rc8 Ke3 32. h4 Kd2 33. Rd8+ Ke1 34. Rc8 Kd2 35. Rd8+ Kc3 36. Rc8+ Kb3 37. Rc4 Rb1 38. Kf2 c1=Q 39. Rxc1 Rxc1 40. Bd3 Rc3 41. Bxh7 g6 42. Bg8 Rc7 43. g4 Kxa4 44. h5 gxh5 45. gxh5 Rc5 46. h6 Rh5 47. h7 f5 48. Kf3 Kb4 49. Kf4 a4 50. Ke5 a3 51. Kf6 Kc3 52. Kg6 Rh2 53. Kxf5 Kb2 54. Kg6 Rg2+ 55. Kf6 Rf2+ 56. Kg7 Rh2 57. h8=Q Rxh8 58. Kxh8 a2 59. Bxa2 1/2-1/2


[Site "https://www.chess.com"]

[Event "Titled Tuesday Blitz November 01 Early 2022"]
[White "Ilkhomi, Jaloliddin"]
[Black "Toelly, Michael"]
[WhiteFideId "14700948"]
[BlackFideId "1625330"]
[WhiteElo "2045"]
[BlackElo "2090"]
[Result "1-0"]
[Round "04"]
[TimeControl "180+1"]
[Date "2022.11.02"]
[WhiteClock "0:02:00"]
[BlackClock "0:01:20"]

1. d4 e6 2. Nf3 Nf6 3. Bf4 d5 4. e3 b6 5. Nbd2 Bb7 6. Bd3 Bd6 7. Ne5 Nbd7 8. Qf3 Qe7 9. c3 h6 10. h4 c5 11. a4 c4 12. Bc2 O-O 13. g4 Ne8 14. g5 f6 15. Ng6 Qf7 16. Nxf8 Qxf8 17. gxh6 gxh6 18. Rg1+ Kh8 19. Bxd6 Nxd6 20. O-O-O a6 21. Rg6 e5 22. Qh5 Nf7 23. dxe5 fxe5 24. Nxc4 e4 25. Nd6 Nde5 26. Nxf7+ Nxf7 27. Rdg1 Qe7 28. Rxh6+ Nxh6 29. Qxh6+ Qh7 30. Qf6+ Qg7 31. Qxg7# 1-0


[Site "https://www.chess.com"]

[Event "Titled Tuesday Blitz November 01 Early 2022"]
[White "Ismayil, Malak"]
[Black "Kuznetsova, Olga"]
[WhiteFideId "13412604"]
[BlackFideId "4191323"]
[WhiteElo "1879"]
[BlackElo "2134"]
[Result "0-1"]
[Round "04"]
[TimeControl "180+1"]
[Date "2022.11.02"]
[WhiteClock "0:00:04"]
[BlackClock "0:00:17"]

1. e4 e6 2. d4 d5 3. Nd2 c5 4. exd5 exd5 5. Ngf3 Nf6 6. Bb5+ Bd7 7. Bxd7+ Qxd7 8. O-O Be7 9. Re1 O-O 10. dxc5 Bxc5 11. Nb3 Bb6 12. h3 Ne4 13. Be3 Bxe3 14. Rxe3 h6 15. c3 Re8 16. Qd3 Nc6 17. Rd1 Nf6 18. Rde1 Rxe3 19. Rxe3 Re8 20. Nbd4 Rxe3 21. Qxe3 a6 22. Ne5 Nxe5 23. Qxe5 Qe8 24. Qxe8+ Nxe8 25. Kf1 Kf8 26. Ke2 Ke7 27. Kd3 Kd6 28. f3 Ke5 29. Ke3 Nd6 30. b3 g6 31. g4 g5 32. Ne2 f5 33. Nc1 f4+ 34. Kd2 Nb5 35. Nd3+ Kd6 36. a4 Nc7 37. Nb4 Ne6 38. Nc2 Ke5 39. b4 b6 40. Ne1 a5 41. Nd3+ Kd6 42. b5 Nd8 43. Kc2 Nb7 44. Kd2 Ke6 45. Kc2 Nd6 46. Nb2 Ke5 47. Kd3 Nb7 48. c4 Nc5+ 49. Kc3 d4+ 50. Kd2 Kd6 51. Nd3 Nxa4 52. Ne1 Nc5 53. Nc2 d3 54. Nd4 a4 55. Nf5+ Ke5 56. Nxh6 a3 57. Nf7+ Kf6 58. Nd6 a2 0-1


[Site "https://www.chess.com"]

[Event "Titled Tuesday Blitz November 01 Early 2022"]
[White "Itkis, Boris"]
[Black "Safin, Robert"]
[WhiteFideId "1209167"]
[BlackFideId "34189120"]
[WhiteElo "2232"]
[BlackElo "2219"]
[Result "0-1"]
[Round "04"]
[TimeControl "180+1"]
[Date "2022.11.02"]
[WhiteClock "0:00:02"]
[BlackClock "0:00:03"]

1. c4 e6 2. Nf3 d5 3. g3 Nf6 4. Bg2 Be7 5. O-O O-O 6. b3 b6 7. Bb2 Bb7 8. e3 dxc4 9. bxc4 c5 10. Qe2 Nc6 11. Ne1 Ne8 12. f4 Bf6 13. Bxf6 Nxf6 14. Nc3 Na5 15. g4 Nd7 16. Rd1 Qe7 17. g5 Rfd8 18. Bxb7 Nxb7 19. Rf3 Nf8 20. Rh3 Nd6 21. Nf3 a6 22. Ne5 Rdc8 23. d3 b5 24. Qh5 b4 25. Ne4 Nf5 26. Ng4 g6 27. Ngf6+ Kg7 28. Qg4 a5 29. Ng3 a4 30. Nxf5+ exf5 31. Qh4 h5 32. gxh6+ Kh8 33. Rg3 b3 34. axb3 axb3 35. Qg5 Ne6 36. Qh4 b2 37. Rg2 Ra1 38. Qe1 Rxd1 39. Qxd1 Rb8 40. Nd5 b1=Q 0-1


[Site "https://www.chess.com"]

[Event "Titled Tuesday Blitz November 01 Early 2022"]
[White "Izuzquiza Gonzalez, Javier"]
[Black "Rios Escobar, Adan"]
[WhiteFideId "3101029"]
[BlackFideId "3403645"]
[WhiteElo "2034"]
[BlackElo "2372"]
[Result "1-0"]
[Round "04"]
[TimeControl "180+1"]
[Date "2022.11.02"]
[WhiteClock "0:00:20"]
[BlackClock "0:00:02"]

1. d4 Nf6 2. c4 g6 3. Nf3 Bg7 4. g3 c5 5. d5 b5 6. cxb5 Qa5+ 7. Nc3 Ne4 8. Bd2 Nxd2 9. Qxd2 a6 10. b6 d6 11. Bg2 O-O 12. O-O Qxb6 13. Rab1 a5 14. Qe3 Re8 15. Nd2 a4 16. Nc4 Qc7 17. Qd3 Nd7 18. Qc2 Ba6 19. Nxa4 Reb8 20. b3 Bb5 21. Nc3 Bxc4 22. bxc4 Bxc3 23. Qxc3 Rxa2 24. Qe3 Nb6 25. Rfc1 Rb7 26. h4 h5 27. Rb5 Nc8 28. Rcb1 Rxb5 29. Rxb5 Ra1+ 30. Kh2 Nb6 31. Qb3 Ra6 32. Bf3 Nd7 33. Rb7 Qd8 34. Qb5 Nf8 35. Qxa6 Qc8 36. Qc6 Qd8 37. Qc7 Qe8 38. Qxe7 Qxe7 39. Rxe7 1-0


[Site "https://www.chess.com"]

[Event "Titled Tuesday Blitz November 01 Early 2022"]
[White "Jakubowski, Krzysztof"]
[Black "Paravyan, David"]
[WhiteFideId "1112848"]
[BlackFideId "4194985"]
[WhiteElo "2373"]
[BlackElo "2555"]
[Result "0-1"]
[Round "04"]
[TimeControl "180+1"]
[Date "2022.11.01"]
[WhiteClock "0:00:59"]
[BlackClock "0:01:31"]

1. e4 e5 2. Nf3 Nf6 3. Nxe5 d6 4. Nd3 Nxe4 5. Qe2 Qe7 6. Nf4 c6 7. h4 d5 8. Nc3 Nxc3 9. dxc3 Bf5 10. Be3 Nd7 11. O-O-O Nf6 12. h5 Ng4 13. Rh3 O-O-O 14. Rg3 Nxe3 15. Rxe3 Qg5 16. Nh3 Bxh3 17. gxh3 Bc5 18. h4 Bxe3+ 19. fxe3 Qxh4 20. b3 Rhe8 21. Kb2 Re5 22. Qf3 Qf6 23. Qg3 Qg5 24. Qh2 Rde8 25. e4 Rxe4 26. Bh3+ f5 27. Rg1 Qf6 28. Rxg7 Qxg7 29. Bxf5+ R4e6 30. Qd6 Qe7 0-1


[Site "https://www.chess.com"]

[Event "Titled Tuesday Blitz November 01 Early 2022"]
[White "Jean Louis, Marckens"]
[Black "Kakabayev, Mergen"]
[WhiteFideId "11900270"]
[BlackFideId "14002990"]
[WhiteElo "2030"]
[BlackElo "2302"]
[Result "1-0"]
[Round "04"]
[TimeControl "180+1"]
[Date "2022.11.02"]
[WhiteClock "0:00:04"]
[BlackClock "0:00:08"]

1. Nf3 d5 2. d4 Nf6 3. c4 c6 4. Nc3 e6 5. cxd5 cxd5 6. a3 Nc6 7. Bg5 Be7 8. e3 O-O 9. Bd3 Bd7 10. O-O Rc8 11. Qe2 a6 12. Rfd1 h6 13. Bh4 b5 14. Rac1 Na5 15. e4 dxe4 16. Nxe4 Nxe4 17. Qxe4 f5 18. Bxe7 Qxe7 19. Qe2 Bc6 20. Bb1 Bd5 21. h3 Qd6 22. Ne5 Rxc1 23. Rxc1 Nb3 24. Rd1 Rc8 25. Ba2 Nc1 26. Qh5 Nxa2 27. Qf7+ Kh8 28. Rd3 f4 29. Qxf4 Qc7 30. Kh2 Kg8 31. Rg3 Kh7 32. Qg4 Rf8 33. Qg6+ Kh8 34. Qh5 Be4 35. Qg4 Bf5 36. Qf4 Qe7 37. Qxf5 Rxf5 38. Ng6+ Kh7 39. Nxe7 Rxf2 40. b4 Nc1 41. Nc6 Ne2 42. Re3 Nf4 43. Rg3 g5 44. Nb8 Kg6 45. Nxa6 Kf5 46. Nc7 h5 47. Kg1 Ra2 48. Rf3 1-0


[Site "https://www.chess.com"]

[Event "Titled Tuesday Blitz November 01 Early 2022"]
[White "Jones, Gawain C B"]
[Black "Arabidze, Meri"]
[WhiteFideId "409561"]
[BlackFideId "13604040"]
[WhiteElo "2657"]
[BlackElo "2403"]
[Result "1-0"]
[Round "04"]
[TimeControl "180+1"]
[Date "2022.11.02"]
[WhiteClock "0:01:56"]
[BlackClock "0:00:21"]

1. e4 c5 2. Nc3 e6 3. Nf3 Nc6 4. Bb5 Nge7 5. d4 cxd4 6. Nxd4 a6 7. Be2 Nxd4 8. Qxd4 Nc6 9. Qe3 Qc7 10. Qg3 Qxg3 11. hxg3 Bb4 12. Bd2 b5 13. a4 bxa4 14. Nxa4 Bxd2+ 15. Kxd2 Rb8 16. b3 d6 17. Nb2 Nb4 18. Nd3 Nxd3 19. Bxd3 Rb6 20. Ra5 Ke7 21. g4 Bb7 22. Rah5 h6 23. g5 Rg8 24. gxh6 gxh6 25. R1h2 Rb4 26. Rxh6 Bxe4 27. c3 Bxd3 28. cxb4 Bg6 29. Rh8 Rg7 30. Ra8 Be4 31. Ra7+ Kf6 32. g3 Bd5 33. Rxa6 Rg4 34. Kc3 Rg8 35. b5 Rc8+ 36. Kb4 Rc2 37. Rxd6 Rb2 38. Rxd5 exd5 39. b6 1-0


[Site "https://www.chess.com"]

[Event "Titled Tuesday Blitz November 01 Early 2022"]
[White "Jovic, Stanoje"]
[Black "Korchmar, Vasiliy"]
[WhiteFideId "905020"]
[BlackFideId "24131750"]
[WhiteElo "2238"]
[BlackElo "2370"]
[Result "0-1"]
[Round "04"]
[TimeControl "180+1"]
[Date "2022.11.02"]
[WhiteClock "0:00:03"]
[BlackClock "0:00:10"]

1. c4 c6 2. e4 d5 3. exd5 cxd5 4. cxd5 Nf6 5. Qa4+ Nbd7 6. Bc4 g6 7. d3 Bg7 8. Nc3 O-O 9. Nf3 a6 10. Qa3 b5 11. Bxb5 Nb6 12. Bc6 Bg4 13. Ne5 Rc8 14. O-O Nfxd5 15. Nxg4 Rxc6 16. Nxd5 Nxd5 17. Bd2 Rc2 18. Bc3 Nxc3 19. bxc3 Rxc3 20. Qxa6 Qxd3 21. Qxd3 Rxd3 22. Rad1 Rfd8 23. Rxd3 Rxd3 24. Re1 Rd2 25. h3 e6 26. a4 Ra2 27. Rb1 h5 28. Rb8+ Kh7 29. Ne3 Ra1+ 30. Nf1 Rxa4 31. Rb7 Kg8 32. g3 Bd4 33. Rd7 Kf8 34. Nd2 Ke8 35. Rb7 Ra2 36. Ne4 f5 37. Nd6+ Kd8 38. Nf7+ Ke8 39. Nd6+ Kf8 40. Rb8+ Ke7 41. Nc8+ Kd7 42. Kf1 Bxf2 43. Rb7+ Kxc8 44. Rg7 Bxg3 45. Rxg6 h4 46. Rxe6 f4 47. Rf6 Kd7 48. Kg1 Rh2 49. Kf1 Rxh3 50. Kg2 Rh2+ 51. Kf3 Rb2 52. Rh6 Ke7 53. Ra6 Rd2 54. Rb6 Rd6 55. Rb7+ Ke6 56. Rb8 h3 57. Rh8 h2 58. Kg2 Rd2+ 59. Kh1 Rd1+ 60. Kg2 Rg1+ 0-1


[Site "https://www.chess.com"]

[Event "Titled Tuesday Blitz November 01 Early 2022"]
[White "Kamsky, Gata"]
[Black "Molina, Roberto Junio Brito"]
[WhiteFideId "2000024"]
[BlackFideId "2109450"]
[WhiteElo "2666"]
[BlackElo "2388"]
[Result "1-0"]
[Round "04"]
[TimeControl "180+1"]
[Date "2022.11.01"]
[WhiteClock "0:00:43"]
[BlackClock "0:00:44"]

1. e4 c6 2. d3 d5 3. Nf3 g6 4. e5 Bg4 5. d4 e6 6. Nbd2 Ne7 7. h3 Bxf3 8. Nxf3 c5 9. dxc5 Nec6 10. Bd3 Nd7 11. O-O Nxc5 12. Bg5 Be7 13. Bh6 Bf8 14. Bf4 Be7 15. Be2 O-O 16. c3 Qc7 17. Re1 Rad8 18. Bf1 a6 19. Bh6 Rfe8 20. Rc1 b5 21. a3 Na4 22. Rc2 Nb6 23. Bd3 Nc4 24. Qe2 Bf8 25. Bg5 Be7 26. Bf4 Bf8 27. g3 Bg7 28. h4 h5 29. Rcc1 Rd7 30. a4 Qb7 31. axb5 axb5 32. b3 N4a5 33. Bxb5 Nxb3 34. Rb1 Nc5 35. Nd4 Nxd4 36. cxd4 Ne4 37. Bxd7 Qxd7 38. Rec1 Qa4 39. Qd3 Bf8 40. f3 1-0


[Site "https://www.chess.com"]

[Event "Titled Tuesday Blitz November 01 Early 2022"]
[White "Kanyamarala, Trisha"]
[Black "Costachi, Mihnea"]
[WhiteFideId "45004722"]
[BlackFideId "1217518"]
[WhiteElo "2099"]
[BlackElo "2437"]
[Result "0-1"]
[Round "04"]
[TimeControl "180+1"]
[Date "2022.11.02"]
[WhiteClock "0:00:09"]
[BlackClock "0:01:24"]

1. d4 Nf6 2. Nf3 b5 3. c3 Bb7 4. g3 g6 5. Bg2 Bg7 6. O-O O-O 7. Nbd2 d6 8. Re1 e5 9. dxe5 dxe5 10. Nxe5 Bxg2 11. Kxg2 Re8 12. Ndf3 Qe7 13. Bg5 h6 14. Bxf6 Qxf6 15. Ng4 Qe6 16. Ne3 c6 17. Qc2 Na6 18. Rad1 Nc5 19. Nd4 Qf6 20. Ng4 Qg5 21. h3 Ne4 22. Nf3 Qc5 23. e3 h5 24. Ngh2 a5 25. Nf1 b4 26. c4 a4 27. N1d2 Nxd2 28. Rxd2 a3 29. Nd4 axb2 30. Qxb2 Qxc4 31. Qc2 Qxc2 32. Nxc2 Rxa2 33. Red1 b3 34. Nd4 Rxd2 35. Rxd2 Rb8 36. Nxc6 b2 37. Nxb8 b1=Q 38. Nd7 Bc3 39. Rd5 Qe4+ 0-1


[Site "https://www.chess.com"]

[Event "Titled Tuesday Blitz November 01 Early 2022"]
[White "Karas, Marek"]
[Black "Ozen, Bahadir"]
[WhiteFideId "14928558"]
[BlackFideId "6337058"]
[WhiteElo "2220"]
[BlackElo "2503"]
[Result "0-1"]
[Round "04"]
[TimeControl "180+1"]
[Date "2022.11.02"]
[WhiteClock "0:00:02"]
[BlackClock "0:00:04"]

1. d4 g6 2. e4 Bg7 3. Nf3 c6 4. Nc3 d6 5. h3 Nd7 6. Be3 Qc7 7. a4 Ngf6 8. Be2 O-O 9. O-O b6 10. Qd2 a6 11. Rfe1 Bb7 12. Bh6 Rfd8 13. Bxg7 Kxg7 14. Bf1 e5 15. Rad1 b5 16. axb5 axb5 17. d5 b4 18. Nb1 cxd5 19. exd5 Bxd5 20. Nh2 Rab8 21. c4 bxc3 22. Nxc3 Nb6 23. f4 Qc5+ 24. Kh1 Nh5 25. Ng4 Nxf4 26. Kh2 h5 27. Ne3 Ba8 28. Qf2 Nd7 29. Qg3 Kf8 30. Qg5 Re8 31. Qh6+ Ke7 32. Qg5+ f6 33. Qg3 Kd8 34. Rc1 Qb4 35. Red1 Rb6 36. Qf2 Qxb2 37. Rc2 Qb4 38. Rb1 Qc5 39. Rxb6 Qxb6 40. Qd2 Qd4 41. Qc1 Nc5 42. Nb5 Qe4 43. Nc3 Qb7 44. Qd2 Ke7 0-1


[Site "https://www.chess.com"]

[Event "Titled Tuesday Blitz November 01 Early 2022"]
[White "Kodinets, Konstantin L."]
[Black "Hernandez Jimenez, Alexander Andres"]
[WhiteFideId "4122011"]
[BlackFideId "3900452"]
[WhiteElo "2447"]
[BlackElo "2098"]
[Result "1-0"]
[Round "04"]
[TimeControl "180+1"]
[Date "2022.11.02"]
[WhiteClock "0:00:16"]
[BlackClock "0:00:02"]

1. d4 Nf6 2. Nf3 d5 3. Bf4 c5 4. e3 Nc6 5. c3 Qb6 6. Qc2 g6 7. Nbd2 Bf5 8. dxc5 Bxc2 9. cxb6 axb6 10. a3 Bg7 11. Nd4 Nxd4 12. cxd4 O-O 13. Bb5 Rfc8 14. O-O Ba4 15. Bxa4 Rxa4 16. Rac1 Raa8 17. Be5 Ne8 18. Bxg7 Kxg7 19. Nb1 Nd6 20. Nc3 e6 21. a4 Rc4 22. b3 Rc6 23. f3 Rac8 24. Ne2 Rc2 25. Rfe1 Rb2 26. Rxc8 Nxc8 27. Nc1 Na7 28. Re2 Rb1 29. Rc2 Nc6 30. Kf2 Kf6 31. Ke2 Ke7 32. Kd2 Kd7 33. h4 Nb4 34. Rc3 Rb2+ 35. Kd1 Rxg2 36. Ne2 Rh2 37. e4 Rxh4 38. exd5 Nxd5 39. Rd3 Rh1+ 40. Kd2 h5 41. f4 h4 42. Rf3 h3 43. Rf2 Ke7 44. Kd3 Kf6 45. Kc4 Re1 46. Rh2 Kf5 47. Ng3+ Kxf4 48. Rxh3 Kg4 49. Rh1 Re3 50. Nf1 Rc3+ 51. Kb5 Rxb3+ 52. Kc4 Rb4+ 53. Kd3 Rxa4 54. Nd2 Ra3+ 55. Kc4 f5 56. Rg1+ Rg3 57. Re1 f4 58. Rxe6 Kf5 59. Re5+ Kf6 60. Ne4+ Kf7 61. Nxg3 1-0


[Site "https://www.chess.com"]